 Dungeon Crawl Stone Soup version 0.31-a0-702-gf82c85558f (webtiles) character file.

Game seed: 6845534849320064027

222830 qw the Slayer (level 19, -9/139 HPs)
             Began as a Gargoyle Hunter on Sept 7, 2023.
             Was an Elder of Okawaru.
             Mangled by a deep troll (12 damage)
             ... led by an ironbound preserver
             ... on level 3 of the Vaults.
             The game lasted 00:24:45 (34682 turns).

qw the Slayer (Gargoyle Hunter)                    Turns: 34682, Time: 00:24:45

Health: -9/139     AC: 32    Str: 15    XL:     19   Next: 24%
Magic:  22/26      EV: 30    Int: 10    God:    Okawaru [****..]
Gold:   671        SH:  0    Dex: 20    Spells: 18/18 levels left

rFire   + + +        x - +2 longbow "Buitecuma" {speed, rC+ rN++ Will- rCorr}
rCold   + . .        (shield currently unavailable)
rNeg    + + +        y - +0 troll leather armour
rPois   inf          s - +2 helmet {SInv}
rElec   +            q - +2 ratskin cloak {*Rats rPois rN+ Str-1 Int-1 Dex+1}
rCorr   +            l - +2 pair of gloves
SInv    +            b - +0 pair of boots of Fun and Games {-Cast rF++}
Will    +++..        j - amulet of faith
Stlth   +++          B - ring "Ostyud" {rF+ Will+++}
HPRegen 1.23/turn    u - +5 ring of evasion
MPRegen 0.20/turn

%: no spellcasting, faith
@: about to teleport, heroic, finesse-ful, frozen, flying, very slow
A: sickness immunity, AC +14, big wings, negative energy resistance 1,
electricity resistance, torment resistance 1, petrification resistance
}: 1/15 runes: barnacled
a: Renounce Religion, Heroism, Finesse


You were on level 3 of the Vaults.
You worshipped Okawaru.
Okawaru was greatly pleased with you.
You visited 7 branches of the dungeon, and saw 33 of its levels.
You also visited: Gauntlet.

You collected 2669 gold pieces.
You spent 1998 gold pieces at shops.


Innate Abilities, Weirdness & Mutations

You are immune to sickness and miasma.
Your stone body is resilient. (AC +14)
You are immune to poison.
Your large and strong wings let you fly.
You resist negative energy. (rN+)
You are resistant to electric shocks. (rElec)
You are resistant to unholy torment.
You are immune to petrification.


   Skills:
 + Level 21.8(26.8) Fighting
 - Level 20.0(25.0) Ranged Weapons
 - Level 11.0(16.0) Armour
 - Level 13.0(18.0) Dodging
 - Level 1.1(6.1) Stealth
 - Level 10.0 Invocations


You had 18 spell levels left.
You didn't know any spells.
Your spell library was empty.

Inventory:

Hand Weapons
 n - a +1 hand cannon of draining
 x - the +2 longbow "Buitecuma" (weapon) {speed, rC+ rN++ Will- rCorr}
   (Okawaru gifted it to you on level 5 of the Lair of Beasts)

   rC+:       It protects you from cold.
   rN++:      It greatly protects you from negative energy.
   Will-:     It decreases your willpower.
   rCorr:     It protects you from acid and corrosion.
Armour
 b - the +0 pair of boots of Fun and Games (worn) {-Cast rF++}
   (You found it in a Gauntlet)

   rF++:      It greatly protects you from fire.
   -Cast:     It prevents spellcasting.
 l - a +2 pair of gloves (worn)
 q - the +2 ratskin cloak (worn) {*Rats rPois rN+ Str-1 Int-1 Dex+1}
   (You found it on level 9 of the Dungeon)

   *Rats:     When the wearer is hurt, rats may emerge from it to assist them.
   Str-1:     It affects your strength (-1).
   Int-1:     It affects your intelligence (-1).
   Dex+1:     It affects your dexterity (+1).
   rPois:     It protects you from poison rN+: It protects you from negative
   energy.
 r - a +2 robe of resistance
 s - a +2 helmet of see invisible (worn)
 y - a +0 troll leather armour (worn)
Jewellery
 h - the ring "Erog" {Drain rElec rC+++ MP+9 Str+6}
   (You acquired it on level 2 of the Shoals)

   [ring of strength]

   Str+6:     It affects your strength (+6).
   rC+++:     It renders you almost immune to cold.
   rElec:     It insulates you from electricity.
   MP+9:      It affects your magic capacity (+9).
   Drain:     It drains your maximum health when unequipped.
 j - an amulet of faith (around neck)
 u - a +5 ring of evasion (right hand)
 w - the ring "Cikkuis" {Fire rElec SInv Stlth-}
   (You found it on level 1 of the Vaults)

   [ring of fire]

   Fire:      It enhances your fire magic.
   rF+:       It protects you from fire.
   rC-:       It makes you vulnerable to cold.
   rElec:     It insulates you from electricity.
   SInv:      It lets you see invisible.
   Stlth-:    It makes you less stealthy.
 z - an amulet of reflection
 B - the ring "Ostyud" (left hand) {rF+ Will+++}
   (You found it on level 2 of the Orcish Mines)

   [ring of protection from fire]

   rF+:       It protects you from fire.
   Will+++:   It greatly increases your willpower.
 C - a +5 ring of evasion
Wands
 g - a wand of digging (3)
Scrolls
 a - 15 scrolls of identify
 m - 10 scrolls of teleportation
 p - 3 scrolls of enchant weapon
 A - 2 scrolls of enchant armour
Potions
 c - 10 potions of curing
 e - 7 potions of might
 f - 5 potions of haste
 i - 3 potions of mutation
 k - 3 potions of cancellation
 o - 2 potions of enlightenment
 t - 3 potions of magic

Dungeon Overview and Level Annotations

Branches:
Dungeon (15/15)            Temple (1/1) D:5            Lair (5/5) D:11
 Shoals (4/4) Lair:3        Snake (3/4) Lair:2        Slime (0/5) Lair:4
    Orc (2/2) D:12            Elf (0/3) Orc:2        Vaults (3/5) D:14
  Crypt (0/3) Vaults:2     Depths (0/4) D:15        Gauntlet (visited)

Altars:
Ashenzari
Cheibriados
Dithmenos
Elyvilon
Fedhas
Gozag
Hepliaklqana
Kikubaaqudgha
Makhleb
Nemelex Xobeh
Okawaru
Qazlal
Ru
Sif Muna
Trog
Uskayaw
Vehumet
Wu Jian
Xom
Yredelemnul
Zin
The Shining One

Shops:
D:2 **:   Orc:2 ((*   Shoals:2 ?   Shoals:4 =   Snake:1 *   Snake:2 *
Vaults:1 (   Vaults:2 (

Portals:
Trove: D:13 (lose all piety)

Annotations:
D:2 2 transporters
Lair:1 1 runed translucent door, qw's ghost, journeyman MiHs
Lair:3 2 transporters, qw's ghost, journeyman MiHs
Shoals:3 2 transporters, AtomicRavioli's ghost, adept OgFi
Orc:1 1 transporter
Vaults:3 exclusion: ironbound preserver


Message History

The frost grips you! You resist. The deep troll bites you!
The deep troll claws you but does no damage.
The deep troll misses you.
The ironbound convoker points at the deep troll and mumbles some strange words.
The deep troll seems to grow stronger.
The ironbound convoker barely misses you.
The deep troll closely misses you. The deep troll completely misses you.
The deep troll claws you but does no damage.
The deep troll completely misses you.
The deep troll claws you but does no damage.
The deep troll completely misses you.
34679 ||| Retreating to best flee position at -29,5 (stone_stairs_up_i)
34679 ||| DRINKING potion of heal wounds.
You feel much better. The ice encasing you melts away.
The ironbound frostheart calls freezing cold from the walls.
The frost grips you!! You resist.
You are encased in ice.
The deep troll completely misses you. x3
The ironbound convoker hits you but does no damage.
The deep troll completely misses you. The deep troll claws you.
The deep troll claws you but does no damage.
You shoot an arrow. The arrow hits the ironbound convoker!!
The ironbound convoker is moderately wounded.
The ironbound frostheart calls freezing cold from the walls.
The frost grips you! You resist. The deep troll misses you.
The deep troll completely misses you.
The deep troll claws you but does no damage.
You shoot an arrow. The arrow hits the ironbound convoker!
The ironbound convoker is moderately wounded.
The deep troll bites you but does no damage.
The deep troll completely misses you. The deep troll closely misses you.
The ironbound convoker misses you.
The ironbound convoker casts a spell at the deep troll.
The deep troll seems to grow stronger.
You shoot an arrow. The arrow hits the ironbound convoker!
The ironbound convoker is heavily wounded.
The deep troll completely misses you. The deep troll misses you.
The deep troll claws you!
You die...

[.#...# .# .#...#
#..# ##'## #..#
.$p# #..#
#######T########..#
........[.........#
......([.p........#
.......pTTp.......#
.......TT@T.......#
###+############..#
#..# ### #..# ..#
#..# ..# #..# ..#
#..# ### #..# ###
#..#


You could see an ironbound preserver (summoned), an ironbound frostheart
(summoned, sheltered), 6 deep trolls and 2 ironbound convokers.

Vanquished Creatures
  Rupert (Orc:1)
  Kirke (D:12)
  Donald (Vaults:2)
  Ilsuiw (Shoals:3)
  3 vault wardens
  5 orc warlords
  A curse skull (Vaults:2)
  8 ironbound preservers
  2 stone giants
  3 war gargoyles
  A formless jellyfish (Vaults:2)
  5 ironbound thunderhulks
  Nessos (Lair:4)
  6 dire elephants (Vaults:1)
  A minotaur (Gauntlet)
  Josephine (Lair:5)
  4 merfolk javelineers
  A crystal guardian (Vaults:2)
  An ettin (Orc:2)
  6 yaktaur captains
  An entropy weaver (Vaults:1)
  7 merfolk impalers
  2 peacekeepers (Vaults:2)
  2 great orbs of eyes
  A vault guard (D:14)
  6 merfolk aquamancers
  8 ironbound frosthearts
  12 centaur warriors
  5 hydras
  A salamander tyrant (Snake:2)
  A catoblepas (Gauntlet)
  5 boulder beetles
  An alligator snapping turtle (Shoals:4)
  3 anacondas
  A sphinx zombie (D:15)
  2 merfolk avatars
  5 death yaks (Lair:4)
  8 naga warriors
  7 two-headed ogres
  A satyr (Shoals:4)
  Urug (Orc:2)
  5 orc high priests (Orc:2)
  12 naga sharpshooters
  7 skysharks
  4 shock serpents
  A salamander mystic (Snake:3)
  8 skeletal warriors
  4 naga ritualists
  A flayed ghost (D:15)
  8 deep trolls
  10 sea snakes
  2 glowing orange brains (Gauntlet)
  A shadow dragon zombie (D:15)
  6 ironbound convokers
  A lindwurm (shapeshifter) (Vaults:1)
  6 wizards
  14 lindwurms
  6 harpies
  6 deep elf pyromancers
  A necromancer (D:15)
  A phantasmal warrior (Vaults:2)
  An oklob plant (Lair:2)
  12 orc knights
  11 manticores
  8 mana vipers
  6 orc sorcerers (Orc:2)
  20 ugly things
  A faun (Shoals:3)
  5 cyclopes
  7 salamanders
  10 elephants
  3 merfolk sirens
  11 vault sentinels
  A fire giant skeleton (D:15)
  20 slime creatures
  26 black mambas
  4 naga magi
  6 water nymphs
  A molten gargoyle (Gauntlet)
  4 gargoyles
  8 komodo dragons
  12 cane toads
  6 yaktaurs (Vaults:1)
  2 efreet
  21 merfolk
  A spriggan skeleton (D:15)
  5 trolls
  3 polar bears
  A hornet (D:8)
  7 wind drakes
  8 dream sheep
  12 snapping turtles
  7 blink frogs
  10 water elementals
  6 wraiths
  26 yaks
  2 vampires
  2 humans (D:12)
  5 basilisks
  A hog (D:12)
  4 steam dragons
  8 vampire mosquitoes
  3 wargs (Orc:2)
  An acid dragon (D:6)
  26 nagas
  15 water moccasins
  32 orc warriors
  3 black bears
  5 boggarts (Vaults:2)
  9 centaurs
  A sky beast (D:6)
  16 ogres
  5 wolves (Lair:3)
  3 kobold brigands
  12 bullfrogs
  4 gnoll sergeants
  5 scorpions
  8 killer bees
  7 howler monkeys
  3 gnoll boudas
  28 orc priests
  A jelly (Lair:4)
  3 hounds
  3 sleepcaps (D:6)
  6 iguanas
  28 orc wizards
  Terence (D:2)
  Robin (D:2)
  30 gnolls
  6 adders
  3 white imps
  3 worms (D:3)
  A dart slug (D:1)
  91 orcs
  5 bats
  11 endoplasms
  5 giant cockroaches
  13 goblins
  8 hobgoblins
  22 kobolds
  4 quokkas
  11 ball pythons
  5 frilled lizards
  5 rats
1003 creatures vanquished.

Vanquished Creatures (others)
  An orc wizard (D:11)
1 creature vanquished.

Grand Total: 1004 creatures vanquished

Notes
Turn   | Place    | Note
-------+----------+-------------------------------------------
     0 | D:1      | qw the Gargoyle Hunter began the quest for the Orb.
     0 | D:1      | Reached XP level 1. HP: 12/12 MP: 1/1
     0 | D:1      | 0 ||| qw: Version: 0.3-a-76-g4403597
     0 | D:1      | 0 ||| qw: Game counter: 861
     0 | D:1      | 0 ||| qw: Melee chars always use a shield: true
     0 | D:1      | 0 ||| qw: God list: Okawaru
     0 | D:1      | 0 ||| qw: Allow faded altars: false
     0 | D:1      | 0 ||| qw: Do Orc after clearing Dungeon:15 true
     0 | D:1      | 0 ||| qw: Do second Lair branch before Depths: true
     0 | D:1      | 0 ||| qw: Lair rune preference: random
     0 | D:1      | 0 ||| qw: Goals: Normal
     0 | D:1      | 0 ||| PLANNING D:1-11
    76 | D:1      | Reached XP level 2. HP: 17/17 MP: 2/2
   322 | D:1      | Reached XP level 3. HP: 21/21 MP: 3/3
   837 | D:1      | 837 ||| UPGRADING to +0 ring mail.
   847 | D:1      | 847 ||| DROPPING +0 leather armour.
   850 | D:1      | 850 ||| READING scroll labelled LEMIUS NYNE.
   857 | D:1      | 857 ||| READING scroll labelled MYESSE UTINE.
   858 | D:1      | 858 ||| READING scroll labelled CEROMATEKI.
   865 | D:1      | 865 ||| DROPPING scroll of butterflies.
   941 | D:2      | Found Hol Anno's General Store.
   955 | D:2      | 955 ||| SHOPLISTING potion of curing (39 gold, have 36).
   955 | D:2      | 955 ||| BUYING scroll of identify (26 gold).
   955 | D:2      | Bought a scroll of identify for 26 gold pieces
   955 | D:2      | 955 ||| SHOPLISTING scroll of identify (26 gold, have 10).
  1049 | D:2      | Found Pevom's Assorted Antiques.
  1058 | D:2      | 1058 ||| SHOPLISTING embroidered scarf (160 gold, have 30).
  1058 | D:2      | 1058 ||| BUYING purple potion (18 gold).
  1058 | D:2      | Bought a purple potion for 18 gold pieces
  1058 | D:2      | 1058 ||| SHOPLISTING scroll labelled PAONUS NOTSIO (20
                  | gold, have 12).
  1058 | D:2      | 1058 ||| SHOPLISTING scroll of identify (40 gold, have 12).
  1058 | D:2      | 1058 ||| SHOPLISTING twisted bone wand (80 gold, have 12).
  1077 | D:2      | Noticed Terence
  1081 | D:2      | Killed Terence
  1082 | D:2      | Reached XP level 4. HP: 27/27 MP: 4/4
  1141 | D:2      | Noticed Robin
  1157 | D:2      | HP: 4/27 [goblin/+0 dagger[Robin] (3)]
  1158 | D:2      | 1158 ||| READING scroll of teleportation.
  1268 | D:2      | Found a transporter.
  1270 | D:2      | Found Ropsokk's Book Shoppe.
  1303 | D:2      | Reached skill level 3 in Fighting
  1384 | D:2      | Killed Robin
  1569 | D:2      | Reached XP level 5. HP: 32/32 MP: 5/5
  1674 | D:2      | Found a transporter.
  1787 | D:2      | 1787 ||| UPGRADING to +0 helmet.
  1792 | D:2      | 1792 ||| READING scroll labelled JOCEAD ZOTILO.
  1793 | D:2      | 1793 ||| READING scroll labelled CADAGE ESTRI.
  1794 | D:2      | 1794 ||| DRINKING 3 purple potions.
  1795 | D:2      | 1795 ||| READING 2 scrolls of identify.
  1795 | D:2      | 1795 ||| IDENTIFYING brown potion
  2035 | D:3      | 2035 ||| DRINKING 2 potions of curing.
  2035 | D:3      | 2035 ||| (to cure confusion)
  2038 | D:3      | Reached skill level 6 in Ranged Weapons
  2053 | D:3      | HP: 4/32 [orc/+1 hand axe of draining (5)]
  2464 | D:3      | 2464 ||| READING scroll labelled KOAVOF TARCHUING.
  2465 | D:3      | 2465 ||| DRINKING 2 pink potions.
  2466 | D:3      | 2466 ||| DRINKING 2 silvery potions.
  2467 | D:3      | 2467 ||| DROPPING potion of invisibility.
  2509 | D:4      | Noticed a black bear
  2515 | D:4      | Killed a black bear
  2516 | D:4      | Reached skill level 4 in Fighting
  2516 | D:4      | Reached XP level 6. HP: 39/39 MP: 6/6
  2669 | D:4      | Reached XP level 7. HP: 41/44 MP: 7/7
  3021 | D:4      | 3021 ||| UPGRADING to +5 ring of evasion.
  3041 | D:5      | Entered Level 5 of the Dungeon
  3467 | D:5      | 3467 ||| RETREATING.
  3469 | D:5      | 3469 ||| Stepping ~*~*~tactically~*~*~ (retreating).
  3907 | D:5      | Found a staircase to the Ecumenical Temple.
  3908 | D:5      | 3908 ||| PLANNING TEMPLE
  3908 | D:5      | 3908 ||| UPGRADING to +0 pair of boots.
  3913 | D:5      | 3913 ||| UPGRADING to +0 pair of gloves.
  3918 | D:5      | 3918 ||| DROPPING ring of magical power.
  3919 | D:5      | 3919 ||| READING 2 scrolls of identify.
  3919 | D:5      | 3919 ||| IDENTIFYING murky orange potion
  3926 | Temple   | Entered the Ecumenical Temple
  3927 | Temple   | 3927 ||| PLANNING OKAWARU WORSHIP
  3931 | Temple   | Became a worshipper of Warmaster Okawaru
  3932 | Temple   | 3932 ||| PLANNING D:1-11
  3965 | D:5      | 3965 ||| UPGRADING to amulet of faith.
  4024 | D:6      | 4024 ||| STAIRDANCE
  4040 | D:6      | Reached skill level 5 in Fighting
  4058 | D:6      | 4058 ||| STAIRDANCE
  4140 | D:6      | 4140 ||| DRINKING 3 potions of curing.
  4140 | D:6      | 4140 ||| (to cure confusion)
  4159 | D:6      | 4159 ||| Stepping ~*~*~tactically~*~*~ (outnumbered).
  4166 | D:6      | Reached XP level 8. HP: 49/49 MP: 8/8
  4280 | D:6      | Reached skill level 9 in Ranged Weapons
  4336 | D:6      | Reached * piety under Okawaru
  4337 | D:6      | Reached skill level 3 in Armour
  4384 | D:6      | Reached skill level 1 in Invocations
  4489 | D:6      | Found a shadowy altar of Dithmenos.
  4489 | D:6      | Found an ancient bone altar of Kikubaaqudgha.
  4492 | D:6      | 4492 ||| READING 2 scrolls labelled REINIE DOTTEKAU.
  4493 | D:6      | 4493 ||| READING scroll of enchant armour.
  4493 | D:6      | 4493 ||| ENCHANTING +0 pair of gloves.
  4545 | D:6      | 4545 ||| INVOKING Heroism.
  4628 | D:6      | 4628 ||| READING scroll of enchant armour.
  4628 | D:6      | 4628 ||| ENCHANTING +1 pair of gloves.
  4763 | D:6      | 4763 ||| INVOKING Heroism.
  4764 | D:6      | 4764 ||| INVOKING Heroism.
  4772 | D:6      | Reached skill level 6 in Fighting
  4772 | D:6      | Reached skill level 3 in Invocations
  4811 | D:6      | 4811 ||| READING scroll of enchant armour.
  4811 | D:6      | 4811 ||| ENCHANTING +0 helmet.
  5026 | D:6      | 5026 ||| READING 2 scrolls of identify.
  5026 | D:6      | 5026 ||| IDENTIFYING glowing blue potion
  5055 | D:7      | 5055 ||| STAIRDANCE
  5081 | D:7      | 5081 ||| STAIRDANCE
  5090 | D:6      | 5090 ||| INVOKING Heroism.
  5099 | D:6      | Reached XP level 9. HP: 38/55 MP: 8/12
  5277 | D:7      | 5277 ||| INVOKING Heroism.
  5463 | D:7      | Reached ** piety under Okawaru
  5486 | D:7      | 5486 ||| SWAPPING to +0 orcbow.
  5487 | D:7      | 5487 ||| DROPPING +1 shortbow.
  5491 | D:7      | 5491 ||| INVOKING Heroism.
  5694 | D:7      | Reached skill level 7 in Fighting
  5883 | D:7      | 5883 ||| DROPPING ring of wizardry.
  5952 | D:8      | Noticed a hornet
  5961 | D:8      | 5961 ||| Stepping ~*~*~tactically~*~*~ (retreating).
  5964 | D:8      | 5964 ||| INVOKING Heroism.
  5970 | D:8      | Killed a hornet
  6102 | D:8      | 6102 ||| FLEEEEING.
  6103 | D:8      | 6103 ||| FLEEEEING.
  6105 | D:8      | 6105 ||| FLEEEEING.
  6106 | D:8      | 6106 ||| FLEEEEING.
  6107 | D:8      | 6107 ||| FLEEEEING.
  6108 | D:8      | 6108 ||| FLEEEEING.
  6109 | D:8      | 6109 ||| FLEEEEING.
  6110 | D:8      | 6110 ||| FLEEEEING.
  6111 | D:8      | 6111 ||| FLEEEEING.
  6112 | D:8      | 6112 ||| FLEEEEING.
  6113 | D:8      | 6113 ||| FLEEEEING.
  6114 | D:8      | 6114 ||| FLEEEEING.
  6115 | D:8      | 6115 ||| FLEEEEING.
  6116 | D:8      | 6116 ||| FLEEEEING.
  6239 | D:8      | 6239 ||| Stepping ~*~*~tactically~*~*~ (outnumbered).
  6241 | D:8      | 6241 ||| Stepping ~*~*~tactically~*~*~ (outnumbered).
  6242 | D:8      | 6242 ||| INVOKING Heroism.
  6403 | D:8      | 6403 ||| Stepping ~*~*~tactically~*~*~ (outnumbered).
  6405 | D:8      | 6405 ||| Stepping ~*~*~tactically~*~*~ (outnumbered).
  6408 | D:8      | 6408 ||| Stepping ~*~*~tactically~*~*~ (outnumbered).
  6518 | D:8      | 6518 ||| INVOKING Heroism.
  6529 | D:8      | Reached skill level 3 in Dodging
  6666 | D:8      | 6666 ||| RETREATING.
  6670 | D:8      | 6670 ||| Stepping ~*~*~tactically~*~*~ (retreating).
  6674 | D:8      | Reached *** piety under Okawaru
  6832 | D:8      | 6832 ||| UPGRADING to +0 steam dragon scales.
  6842 | D:8      | 6842 ||| DROPPING +0 ring mail.
  6843 | D:8      | 6843 ||| READING scroll labelled DULARPH QADOEL.
  6863 | D:9      | 6863 ||| RETREATING.
  6865 | D:9      | 6865 ||| Stepping ~*~*~tactically~*~*~ (retreating).
  6866 | D:9      | 6866 ||| Stepping ~*~*~tactically~*~*~ (retreating).
  6867 | D:9      | 6867 ||| Stepping ~*~*~tactically~*~*~ (retreating).
  6868 | D:9      | 6868 ||| Stepping ~*~*~tactically~*~*~ (retreating).
  6869 | D:9      | 6869 ||| Stepping ~*~*~tactically~*~*~ (retreating).
  6870 | D:9      | 6870 ||| Stepping ~*~*~tactically~*~*~ (retreating).
  6885 | D:9      | 6885 ||| INVOKING Heroism.
  6889 | D:9      | Reached XP level 10. HP: 43/63 MP: 10/13
  6900 | D:9      | Reached skill level 8 in Fighting
  7097 | D:9      | 7097 ||| INVOKING Heroism.
  7219 | D:9      | Noticed a two-headed ogre
  7220 | D:9      | 7220 ||| INVOKING Heroism.
  7235 | D:9      | Killed a two-headed ogre
  7235 | D:9      | Reached **** piety under Okawaru
  7235 | D:9      | Received a gift from Okawaru
  7236 | D:9      | Reached skill level 12 in Ranged Weapons
  7250 | D:9      | 7250 ||| Stepping ~*~*~tactically~*~*~ (outnumbered).
  7252 | D:9      | 7252 ||| Stepping ~*~*~tactically~*~*~ (outnumbered).
  7255 | D:9      | 7255 ||| Stepping ~*~*~tactically~*~*~ (outnumbered).
  7268 | D:9      | 7268 ||| Stepping ~*~*~tactically~*~*~ (outnumbered).
  7280 | D:9      | Found the +2 ratskin cloak {*Rats rPois rN+ Str-1 Int-1
                  | Dex+1}
  7339 | D:9      | Found a broken altar of Ashenzari.
  7516 | D:9      | 7516 ||| UPGRADING to +2 ratskin cloak {*Rats rPois rN+
                  | Str-1 Int-1 Dex+1}.
  7521 | D:9      | 7521 ||| READING scroll labelled PAOTEH UXUBETA.
  7522 | D:9      | 7522 ||| READING scroll labelled RALIBA XOMIUMEFFU.
  7523 | D:9      | 7523 ||| READING 3 scrolls labelled QAHUNUV XOMP.
  7524 | D:9      | 7524 ||| DRINKING 2 fuming white potions.
  7525 | D:9      | 7525 ||| READING 4 scrolls of identify.
  7525 | D:9      | 7525 ||| IDENTIFYING red potion
  7526 | D:9      | 7526 ||| DROPPING potion of attraction.
  7527 | D:9      | 7527 ||| DROPPING potion of degeneration.
  7528 | D:9      | 7528 ||| DROPPING 2 scrolls of noise.
  7550 | D:10     | Entered Level 10 of the Dungeon
  7576 | D:10     | 7576 ||| Stepping ~*~*~tactically~*~*~ (outnumbered).
  7586 | D:10     | 7586 ||| INVOKING Heroism.
  7857 | D:10     | Noticed a gargoyle
  7870 | D:10     | Killed a gargoyle
  7968 | D:10     | 7968 ||| READING scroll labelled EMUCHE JAUFAEV.
  7980 | D:11     | Noticed a centaur warrior
  7981 | D:11     | 7981 ||| Stepping ~*~*~tactically~*~*~ (outnumbered).
  7982 | D:11     | 7982 ||| Stepping ~*~*~tactically~*~*~ (outnumbered).
  7992 | D:11     | Killed a centaur warrior
  8000 | D:11     | Reached ***** piety under Okawaru
  8001 | D:11     | Reached skill level 6 in Invocations
  8001 | D:11     | 8001 ||| INVOKING Heroism.
  8017 | D:11     | Reached XP level 11. HP: 28/68 MP: 13/15
  8027 | D:11     | 8027 ||| INVOKING Heroism.
  8034 | D:11     | HP: 13/68 [vampire mosquito (8)]
  8035 | D:11     | 8035 ||| READING 3 scrolls of teleportation.
  8036 | D:11     | 8036 ||| DRINKING 4 potions of heal wounds.
  8041 | D:11     | Noticed a cyclops
  8045 | D:11     | 8045 ||| Stepping ~*~*~tactically~*~*~ (outnumbered).
  8050 | D:11     | 8050 ||| Stepping ~*~*~tactically~*~*~ (retreating).
  8051 | D:11     | 8051 ||| RETREATING.
  8052 | D:11     | 8052 ||| Stepping ~*~*~tactically~*~*~ (retreating).
  8053 | D:11     | 8053 ||| Stepping ~*~*~tactically~*~*~ (retreating).
  8054 | D:11     | 8054 ||| Stepping ~*~*~tactically~*~*~ (retreating).
  8055 | D:11     | 8055 ||| Stepping ~*~*~tactically~*~*~ (retreating).
  8056 | D:11     | 8056 ||| Stepping ~*~*~tactically~*~*~ (retreating).
  8057 | D:11     | 8057 ||| Stepping ~*~*~tactically~*~*~ (retreating).
  8058 | D:11     | 8058 ||| Stepping ~*~*~tactically~*~*~ (retreating).
  8059 | D:11     | 8059 ||| Stepping ~*~*~tactically~*~*~ (retreating).
  8060 | D:11     | 8060 ||| Stepping ~*~*~tactically~*~*~ (retreating).
  8062 | D:11     | 8062 ||| Stepping ~*~*~tactically~*~*~ (retreating).
  8066 | D:11     | 8066 ||| Stepping ~*~*~tactically~*~*~ (retreating).
  8067 | D:11     | 8067 ||| Stepping ~*~*~tactically~*~*~ (retreating).
  8068 | D:11     | 8068 ||| Stepping ~*~*~tactically~*~*~ (retreating).
  8069 | D:11     | 8069 ||| Stepping ~*~*~tactically~*~*~ (retreating).
  8070 | D:11     | 8070 ||| INVOKING Heroism.
  8072 | D:11     | 8072 ||| Stepping ~*~*~tactically~*~*~ (retreating).
  8075 | D:11     | 8075 ||| Stepping ~*~*~tactically~*~*~ (retreating).
  8075 | D:11     | Noticed a purple ugly thing
  8076 | D:11     | 8076 ||| Stepping ~*~*~tactically~*~*~ (retreating).
  8077 | D:11     | 8077 ||| Stepping ~*~*~tactically~*~*~ (retreating).
  8078 | D:11     | 8078 ||| Stepping ~*~*~tactically~*~*~ (retreating).
  8079 | D:11     | 8079 ||| Stepping ~*~*~tactically~*~*~ (retreating).
  8080 | D:11     | 8080 ||| Stepping ~*~*~tactically~*~*~ (retreating).
  8081 | D:11     | 8081 ||| Stepping ~*~*~tactically~*~*~ (retreating).
  8081 | D:11     | Noticed a manticore
  8082 | D:11     | 8082 ||| Stepping ~*~*~tactically~*~*~ (retreating).
  8083 | D:11     | 8083 ||| Stepping ~*~*~tactically~*~*~ (retreating).
  8084 | D:11     | 8084 ||| Stepping ~*~*~tactically~*~*~ (retreating).
  8092 | D:11     | Killed a purple ugly thing
  8097 | D:11     | 8097 ||| DRINKING 8 potions of curing.
  8097 | D:11     | 8097 ||| (to cure confusion)
  8108 | D:11     | 8108 ||| Stepping ~*~*~tactically~*~*~ (retreating).
  8110 | D:11     | 8110 ||| Stepping ~*~*~tactically~*~*~ (retreating).
  8112 | D:11     | HP: 17/68 [cyclops (7)]
  8113 | D:11     | 8113 ||| READING 2 scrolls of teleportation.
  8114 | D:11     | Killed a cyclops
  8246 | D:11     | 8246 ||| FLEEEEING.
  8254 | D:11     | 8254 ||| INVOKING Heroism.
  8267 | D:11     | Killed a manticore
  8612 | D:11     | 8612 ||| INVOKING Heroism.
  8620 | D:11     | Received a gift from Okawaru
  8769 | D:11     | Found a staircase to the Lair.
  8996 | D:11     | 8996 ||| PLANNING LAIR
  8996 | D:11     | 8996 ||| UPGRADING to +1 helmet of see invisible.
  9006 | D:11     | 9006 ||| DROPPING +1 helmet.
  9007 | D:11     | 9007 ||| READING 4 scrolls of identify.
  9007 | D:11     | 9007 ||| IDENTIFYING smoky white potion
  9008 | D:11     | 9008 ||| READING 3 scrolls of identify.
  9008 | D:11     | 9008 ||| IDENTIFYING coppery potion
  9009 | D:11     | 9009 ||| DROPPING potion of brilliance.
  9014 | Lair:1   | Entered Level 1 of the Lair of Beasts
  9015 | Lair:1   | 9015 ||| PLANNING GAUNTLET
  9068 | Lair:1   | 9068 ||| INVOKING Heroism.
  9082 | Lair:1   | Reached skill level 9 in Fighting
  9168 | Lair:1   | Found a gate leading to a gauntlet.
  9175 | Gauntlet | Entered a Gauntlet
  9175 | Gauntlet | Found a large runed translucent door.
  9175 | Gauntlet | Found a large runed translucent door.
  9175 | Gauntlet | Found a large runed translucent door.
  9175 | Gauntlet | Found a large runed translucent door.
  9175 | Gauntlet | Found a runed translucent door.
  9175 | Gauntlet | Found a large runed translucent door.
  9175 | Gauntlet | Found a large runed translucent door.
  9175 | Gauntlet | Found a transporter.
  9175 | Gauntlet | Found a transporter.
  9175 | Gauntlet | Found a large runed translucent door.
  9175 | Gauntlet | Found a large runed translucent door.
  9175 | Gauntlet | Found a runed translucent gate.
  9175 | Gauntlet | Found a runed translucent gate.
  9175 | Gauntlet | Found a transporter.
  9177 | Gauntlet | Noticed a catoblepas
  9179 | Gauntlet | Found a transporter.
  9179 | Gauntlet | Found a transporter.
  9182 | Gauntlet | Noticed a green ugly thing
  9183 | Gauntlet | Noticed a glowing orange brain
  9185 | Gauntlet | Noticed a glowing orange brain
  9191 | Gauntlet | Found a transporter.
  9247 | Gauntlet | Found a runed translucent door.
  9248 | Gauntlet | Found a large runed translucent door.
  9248 | Gauntlet | Found a large runed translucent door.
  9248 | Gauntlet | Found a large runed translucent door.
  9248 | Gauntlet | Found a large runed translucent door.
  9249 | Gauntlet | Found a large runed translucent door.
  9249 | Gauntlet | Found a large runed translucent door.
  9250 | Gauntlet | Found a large runed translucent door.
  9250 | Gauntlet | Found a large runed translucent door.
  9254 | Gauntlet | Found a transporter.
  9266 | Gauntlet | Found a transporter.
  9280 | Gauntlet | Found a transporter.
  9290 | Gauntlet | Found a transporter.
  9305 | Gauntlet | Found a transporter.
  9311 | Gauntlet | Found a transporter.
  9334 | Gauntlet | Found a runed translucent gate.
  9374 | Gauntlet | 9374 ||| RETREATING.
  9380 | Gauntlet | 9380 ||| Stepping ~*~*~tactically~*~*~ (retreating).
  9383 | Gauntlet | 9383 ||| Stepping ~*~*~tactically~*~*~ (retreating).
  9384 | Gauntlet | 9384 ||| Stepping ~*~*~tactically~*~*~ (retreating).
  9385 | Gauntlet | 9385 ||| INVOKING Heroism.
  9386 | Gauntlet | 9386 ||| INVOKING Finesse.
  9390 | Gauntlet | 9390 ||| RETREATING.
  9391 | Gauntlet | 9391 ||| Stepping ~*~*~tactically~*~*~ (retreating).
  9409 | Gauntlet | Killed a catoblepas
  9424 | Gauntlet | HP: 17/71 [gargoyle/stone arrow (3)]
  9425 | Gauntlet | 9425 ||| DRINKING 4 potions of heal wounds.
  9442 | Gauntlet | HP: 17/71 [gargoyle/stone arrow (14)]
  9443 | Gauntlet | 9443 ||| DRINKING 3 potions of heal wounds.
  9446 | Gauntlet | Reached skill level 9 in Invocations
  9571 | Gauntlet | Identified the +4 hand axe of Curihagied {heavy, rN+ rCorr
                  | Dex+2}
  9575 | Gauntlet | Identified the +0 pair of boots of Fun and Games {-Cast
                  | rF++}
  9577 | Gauntlet | 9577 ||| UPGRADING to +0 pair of boots of Fun and Games
                  | {-Cast rF++}.
  9587 | Gauntlet | 9587 ||| DROPPING +0 pair of boots.
  9602 | Gauntlet | 9602 ||| Stepping ~*~*~tactically~*~*~ (retreating).
  9603 | Gauntlet | 9603 ||| Stepping ~*~*~tactically~*~*~ (retreating).
  9604 | Gauntlet | 9604 ||| Stepping ~*~*~tactically~*~*~ (retreating).
  9605 | Gauntlet | 9605 ||| Stepping ~*~*~tactically~*~*~ (retreating).
  9606 | Gauntlet | 9606 ||| DRINKING 7 potions of curing.
  9606 | Gauntlet | 9606 ||| (to cure confusion)
  9612 | Gauntlet | Killed a green ugly thing
  9615 | Gauntlet | 9615 ||| INVOKING Heroism.
  9618 | Gauntlet | Killed a glowing orange brain
  9623 | Gauntlet | Killed a glowing orange brain
  9645 | Gauntlet | 9645 ||| READING 2 scrolls of identify.
  9645 | Gauntlet | 9645 ||| IDENTIFYING sapphire potion
  9674 | Gauntlet | Noticed a minotaur
  9675 | Gauntlet | 9675 ||| INVOKING Heroism.
  9693 | Gauntlet | Killed a minotaur
  9694 | Gauntlet | Reached XP level 12. HP: 20/76 MP: 19/19
  9915 | Lair:1   | 9915 ||| PLANNING LAIR
 10042 | Lair:1   | 10042 ||| RETREATING.
 10050 | Lair:1   | 10050 ||| Stepping ~*~*~tactically~*~*~ (retreating).
 10051 | Lair:1   | 10051 ||| Stepping ~*~*~tactically~*~*~ (retreating).
 10052 | Lair:1   | 10052 ||| Stepping ~*~*~tactically~*~*~ (retreating).
 10053 | Lair:1   | 10053 ||| Stepping ~*~*~tactically~*~*~ (retreating).
 10054 | Lair:1   | 10054 ||| Stepping ~*~*~tactically~*~*~ (retreating).
 10055 | Lair:1   | 10055 ||| Stepping ~*~*~tactically~*~*~ (retreating).
 10073 | Lair:1   | 10073 ||| Stepping ~*~*~tactically~*~*~ (retreating).
 10074 | Lair:1   | 10074 ||| Stepping ~*~*~tactically~*~*~ (retreating).
 10075 | Lair:1   | 10075 ||| Stepping ~*~*~tactically~*~*~ (retreating).
 10076 | Lair:1   | 10076 ||| Stepping ~*~*~tactically~*~*~ (retreating).
 10077 | Lair:1   | 10077 ||| Stepping ~*~*~tactically~*~*~ (retreating).
 10080 | Lair:1   | 10080 ||| Stepping ~*~*~tactically~*~*~ (retreating).
 10095 | Lair:1   | 10095 ||| INVOKING Heroism.
 10279 | Lair:1   | 10279 ||| INVOKING Heroism.
 10432 | Lair:1   | Found a runed translucent door.
 10673 | Lair:1   | Noticed qw's ghost (journeyman MiHs)
 10675 | Lair:1   | 10675 ||| UPGRADING to ring of willpower.
 10676 | Lair:1   | 10676 ||| READING 2 scrolls of identify.
 10676 | Lair:1   | 10676 ||| IDENTIFYING bubbling cyan potion
 10712 | Lair:2   | 10712 ||| RETREATING.
 10806 | Lair:2   | Found a staircase to the Snake Pit.
 10814 | Lair:2   | 10814 ||| RETREATING.
 10827 | Lair:2   | 10827 ||| Stepping ~*~*~tactically~*~*~ (retreating).
 11041 | Lair:2   | 11041 ||| RETREATING.
 11049 | Lair:2   | 11049 ||| Stepping ~*~*~tactically~*~*~ (retreating).
 11050 | Lair:2   | 11050 ||| Stepping ~*~*~tactically~*~*~ (retreating).
 11051 | Lair:2   | 11051 ||| Stepping ~*~*~tactically~*~*~ (retreating).
 11052 | Lair:2   | 11052 ||| Stepping ~*~*~tactically~*~*~ (retreating).
 11053 | Lair:2   | 11053 ||| INVOKING Heroism.
 11067 | Lair:2   | Reached skill level 10 in Fighting
 11306 | Lair:2   | 11306 ||| FLEEEEING.
 11314 | Lair:2   | 11314 ||| STAIRDANCE
 11380 | Lair:1   | 11380 ||| DROPPING amulet of magic regeneration.
 11445 | Lair:2   | Noticed a boulder beetle
 11446 | Lair:2   | 11446 ||| INVOKING Heroism.
 11448 | Lair:2   | 11448 ||| INVOKING Finesse.
 11471 | Lair:2   | Killed a boulder beetle
 11578 | Lair:2   | 11578 ||| INVOKING Heroism.
 11579 | Lair:2   | 11579 ||| INVOKING Finesse.
 11606 | Lair:2   | Received a gift from Okawaru
 11653 | Lair:2   | 11653 ||| INVOKING Heroism.
 11655 | Lair:2   | 11655 ||| RETREATING.
 11670 | Lair:2   | Reached skill level 15 in Ranged Weapons
 11829 | Lair:3   | 11829 ||| RETREATING.
 11830 | Lair:3   | 11830 ||| Stepping ~*~*~tactically~*~*~ (retreating).
 11832 | Lair:3   | 11832 ||| Stepping ~*~*~tactically~*~*~ (retreating).
 11833 | Lair:3   | 11833 ||| Stepping ~*~*~tactically~*~*~ (retreating).
 11834 | Lair:3   | 11834 ||| Stepping ~*~*~tactically~*~*~ (retreating).
 11835 | Lair:3   | 11835 ||| Stepping ~*~*~tactically~*~*~ (retreating).
 11836 | Lair:3   | 11836 ||| Stepping ~*~*~tactically~*~*~ (retreating).
 11837 | Lair:3   | 11837 ||| Stepping ~*~*~tactically~*~*~ (retreating).
 11838 | Lair:3   | 11838 ||| Stepping ~*~*~tactically~*~*~ (retreating).
 11839 | Lair:3   | 11839 ||| Stepping ~*~*~tactically~*~*~ (retreating).
 11840 | Lair:3   | 11840 ||| INVOKING Heroism.
 11863 | Lair:3   | Reached skill level 6 in Armour
 11876 | Lair:3   | HP: 14/77 [blink frog (7)]
 11877 | Lair:3   | 11877 ||| READING 3 scrolls of teleportation.
 11878 | Lair:3   | 11878 ||| DRINKING 2 potions of heal wounds.
 11904 | Lair:3   | 11904 ||| FLEEEEING.
 11905 | Lair:3   | 11905 ||| INVOKING Heroism.
 11926 | Lair:3   | Identified the +2 longbow "Siofeepa" {drain, Str+2}
                  | (Okawaru gifted it to you on level 3 of the Lair of Beasts)
 11926 | Lair:3   | Received a gift from Okawaru
 11995 | Lair:3   | 11995 ||| SWAPPING to +2 longbow "Siofeepa" {drain, Str+2}.
 11996 | Lair:3   | 11996 ||| DROPPING +0 orcbow.
 12098 | Lair:3   | Noticed qw's ghost (journeyman MiHs)
 12276 | Lair:3   | Found a staircase to the Shoals.
 12280 | Lair:3   | Noticed a skyshark
 12285 | Lair:3   | Killed a skyshark
 12447 | Lair:3   | 12447 ||| INVOKING Heroism.
 12460 | Lair:3   | Reached XP level 13. HP: 82/82 MP: 18/20
 12510 | Lair:3   | Found a transporter.
 12511 | Lair:3   | Found a transporter.
 12530 | Lair:3   | 12530 ||| INVOKING Heroism.
 12586 | Lair:3   | 12586 ||| INVOKING Heroism.
 12939 | Lair:4   | 12939 ||| INVOKING Heroism.
 12963 | Lair:4   | Noticed Nessos
 12969 | Lair:4   | Killed Nessos
 12977 | Lair:4   | 12977 ||| SWAPPING to +3 longbow of flaming.
 12978 | Lair:4   | 12978 ||| DROPPING +2 longbow "Siofeepa" {drain, Str+2}.
 13043 | Lair:4   | 13043 ||| RETREATING.
 13055 | Lair:4   | 13055 ||| INVOKING Heroism.
 13078 | Lair:4   | Reached skill level 11 in Fighting
 13086 | Lair:4   | 13086 ||| INVOKING Finesse.
 13102 | Lair:4   | 13102 ||| INVOKING Heroism.
 13108 | Lair:4   | Reached skill level 6 in Dodging
 13209 | Lair:4   | 13209 ||| RETREATING.
 13221 | Lair:4   | 13221 ||| Stepping ~*~*~tactically~*~*~ (retreating).
 13222 | Lair:4   | 13222 ||| Stepping ~*~*~tactically~*~*~ (retreating).
 13223 | Lair:4   | 13223 ||| Stepping ~*~*~tactically~*~*~ (retreating).
 13224 | Lair:4   | 13224 ||| Stepping ~*~*~tactically~*~*~ (retreating).
 13247 | Lair:4   | 13247 ||| INVOKING Heroism.
 13257 | Lair:4   | Received a gift from Okawaru
 13367 | Lair:4   | Found a frozen archway.
 13373 | Lair:4   | 13373 ||| RETREATING.
 13375 | Lair:4   | 13375 ||| Stepping ~*~*~tactically~*~*~ (retreating).
 13376 | Lair:4   | 13376 ||| Stepping ~*~*~tactically~*~*~ (retreating).
 13377 | Lair:4   | 13377 ||| Stepping ~*~*~tactically~*~*~ (retreating).
 13378 | Lair:4   | 13378 ||| Stepping ~*~*~tactically~*~*~ (retreating).
 13572 | Lair:4   | 13572 ||| RETREATING.
 13576 | Lair:4   | 13576 ||| Stepping ~*~*~tactically~*~*~ (retreating).
 13633 | Lair:4   | Found a staircase to the Slime Pits.
 13911 | Lair:4   | 13911 ||| UPGRADING to +4 ring of slaying {mikee}.
 13913 | Lair:4   | 13913 ||| DROPPING ring of willpower.
 13942 | Lair:5   | Entered Level 5 of the Lair of Beasts
 13942 | Lair:5   | Noticed Josephine
 13945 | Lair:5   | 13945 ||| RETREATING.
 13947 | Lair:5   | 13947 ||| Stepping ~*~*~tactically~*~*~ (retreating).
 13948 | Lair:5   | 13948 ||| Stepping ~*~*~tactically~*~*~ (retreating).
 13949 | Lair:5   | 13949 ||| Stepping ~*~*~tactically~*~*~ (retreating).
 13950 | Lair:5   | 13950 ||| Stepping ~*~*~tactically~*~*~ (retreating).
 13951 | Lair:5   | 13951 ||| Stepping ~*~*~tactically~*~*~ (retreating).
 13952 | Lair:5   | 13952 ||| Stepping ~*~*~tactically~*~*~ (retreating).
 13953 | Lair:5   | 13953 ||| INVOKING Heroism.
 13980 | Lair:5   | Killed Josephine
 14055 | Lair:5   | 14055 ||| INVOKING Heroism.
 14160 | Lair:5   | 14160 ||| INVOKING Heroism.
 14190 | Lair:5   | 14190 ||| INVOKING Finesse.
 14200 | Lair:5   | Gained mutation: Your large and strong wings let you fly.
                  | [Gargoyle growth]
 14200 | Lair:5   | Reached XP level 14. HP: 63/90 MP: 15/21
 14257 | Lair:5   | 14257 ||| INVOKING Heroism.
 14258 | Lair:5   | 14258 ||| INVOKING Finesse.
 14386 | Lair:5   | Identified the +2 longbow "Buitecuma" {speed, rC+ rN++
                  | Will- rCorr} (Okawaru gifted it to you on level 5 of the
                  | Lair of Beasts)
 14386 | Lair:5   | Received a gift from Okawaru
 14388 | Lair:5   | 14388 ||| SWAPPING to +2 longbow "Buitecuma" {speed, rC+
                  | rN++ Will- rCorr}.
 14400 | Lair:5   | 14400 ||| DROPPING +3 longbow of flaming.
 14459 | Lair:5   | 14459 ||| INVOKING Heroism.
 14504 | Lair:5   | Reached skill level 18 in Ranged Weapons
 14582 | Lair:5   | 14582 ||| UPGRADING to +2 robe of resistance.
 14719 | Lair:5   | 14719 ||| INVOKING Heroism.
 15072 | Lair:5   | 15072 ||| PLANNING D
 15072 | Lair:5   | 15072 ||| READING 4 scrolls of identify.
 15072 | Lair:5   | 15072 ||| IDENTIFYING orange potion
 15073 | Lair:5   | 15073 ||| DROPPING potion of lignification.
 15198 | D:12     | 15198 ||| READING scroll of enchant armour.
 15198 | D:12     | 15198 ||| ENCHANTING +1 helmet of see invisible.
 15298 | D:12     | Reached skill level 12 in Fighting
 15573 | D:12     | Identified the +7 quarterstaff of the Equator {antimagic,
                  | *Corrode rPois Will+ Str+2}
 15759 | D:12     | Found a staircase to the Orcish Mines.
 15979 | D:12     | 15979 ||| DROPPING ring of ice.
 15994 | D:13     | Noticed Kirke
 15995 | D:13     | 15995 ||| INVOKING Heroism.
 15996 | D:13     | 15996 ||| INVOKING Finesse.
 15998 | D:13     | 15998 ||| STAIRDANCE
 16041 | D:13     | 16041 ||| STAIRDANCE
 16043 | D:12     | 16043 ||| Stepping ~*~*~tactically~*~*~ (retreating).
 16044 | D:12     | 16044 ||| Stepping ~*~*~tactically~*~*~ (retreating).
 16045 | D:12     | 16045 ||| Stepping ~*~*~tactically~*~*~ (retreating).
 16046 | D:12     | 16046 ||| Stepping ~*~*~tactically~*~*~ (retreating).
 16047 | D:12     | 16047 ||| INVOKING Heroism.
 16055 | D:12     | Killed Kirke
 16186 | D:13     | 16186 ||| STAIRDANCE
 16188 | D:12     | 16188 ||| INVOKING Heroism.
 16204 | D:13     | 16204 ||| STAIRDANCE
 16288 | D:13     | 16288 ||| STAIRDANCE
 16332 | D:13     | 16332 ||| STAIRDANCE
 16374 | D:13     | 16374 ||| STAIRDANCE
 16425 | D:13     | 16425 ||| STAIRDANCE
 16614 | D:13     | 16614 ||| STAIRDANCE
 16667 | D:13     | 16667 ||| STAIRDANCE
 16966 | D:13     | Found a portal to a secret trove of treasure.
 17000 | D:14     | Found a bloodstained altar of Trog.
 17043 | D:14     | 17043 ||| INVOKING Heroism.
 17271 | D:14     | 17271 ||| INVOKING Heroism.
 17274 | D:14     | 17274 ||| RETREATING.
 17277 | D:14     | 17277 ||| Stepping ~*~*~tactically~*~*~ (retreating).
 17278 | D:14     | 17278 ||| Stepping ~*~*~tactically~*~*~ (retreating).
 17279 | D:14     | 17279 ||| Stepping ~*~*~tactically~*~*~ (retreating).
 17313 | D:14     | 17313 ||| Stepping ~*~*~tactically~*~*~ (retreating).
 17314 | D:14     | 17314 ||| Stepping ~*~*~tactically~*~*~ (retreating).
 17315 | D:14     | 17315 ||| Stepping ~*~*~tactically~*~*~ (retreating).
 17482 | D:14     | Identified the +7 shortbow of Zineajya {flame, rPois Dex+3
                  | SInv} (Okawaru gifted it to you on level 14 of the Dungeon)
 17482 | D:14     | Received a gift from Okawaru
 17571 | D:14     | 17571 ||| RETREATING.
 17580 | D:14     | 17580 ||| Stepping ~*~*~tactically~*~*~ (retreating).
 17585 | D:14     | 17585 ||| INVOKING Heroism.
 17698 | D:14     | 17698 ||| RETREATING.
 17983 | D:14     | Reached skill level 13 in Fighting
 17983 | D:14     | Reached XP level 15. HP: 98/98 MP: 22/22
 18142 | D:14     | Found a gate to the Vaults.
 18208 | D:15     | Entered Level 15 of the Dungeon
 18211 | D:15     | 18211 ||| STAIRDANCE
 18216 | D:15     | 18216 ||| STAIRDANCE
 18305 | D:15     | 18305 ||| INVOKING Heroism.
 18309 | D:15     | 18309 ||| STAIRDANCE
 18443 | D:15     | 18443 ||| STAIRDANCE
 18473 | D:15     | 18473 ||| STAIRDANCE
 18551 | D:15     | Found a staircase to the Depths.
 18552 | D:15     | 18552 ||| RETREATING.
 18553 | D:15     | 18553 ||| INVOKING Heroism.
 18630 | D:15     | Identified the +0 chain mail "Inamolycra" {rElec rCorr
                  | Str-2 Stlth+}
 18752 | D:15     | 18752 ||| INVOKING Heroism.
 19107 | D:15     | Reached ****** piety under Okawaru
 19191 | D:15     | 19191 ||| PLANNING ORC
 19276 | Orc:1    | Entered Level 1 of the Orcish Mines
 19303 | Orc:1    | 19303 ||| Stepping ~*~*~tactically~*~*~ (outnumbered).
 19306 | Orc:1    | 19306 ||| Stepping ~*~*~tactically~*~*~ (outnumbered).
 19308 | Orc:1    | 19308 ||| Stepping ~*~*~tactically~*~*~ (outnumbered).
 19375 | Orc:1    | Found the +2 cloak of the Thief {*Fog Slay-2 SInv Stlth+}
 19406 | Orc:2    | Entered Level 2 of the Orcish Mines
 19409 | Orc:2    | 19409 ||| STAIRDANCE
 19409 | Orc:2    | Noticed Rupert
 19419 | Orc:2    | 19419 ||| STAIRDANCE
 19421 | Orc:1    | 19421 ||| Stepping ~*~*~tactically~*~*~ (retreating).
 19422 | Orc:1    | 19422 ||| Stepping ~*~*~tactically~*~*~ (retreating).
 19423 | Orc:1    | 19423 ||| Stepping ~*~*~tactically~*~*~ (retreating).
 19424 | Orc:1    | 19424 ||| Stepping ~*~*~tactically~*~*~ (retreating).
 19425 | Orc:1    | 19425 ||| Stepping ~*~*~tactically~*~*~ (retreating).
 19426 | Orc:1    | 19426 ||| Stepping ~*~*~tactically~*~*~ (retreating).
 19427 | Orc:1    | 19427 ||| INVOKING Heroism.
 19428 | Orc:1    | 19428 ||| INVOKING Finesse.
 19435 | Orc:1    | HP: 17/98 [Rupert/+2 battleaxe of venom (27)]
 19436 | Orc:1    | 19436 ||| READING 5 scrolls of teleportation.
 19437 | Orc:1    | 19437 ||| DRINKING 3 potions of heal wounds.
 19440 | Orc:1    | 19440 ||| DRINKING 2 potions of heal wounds.
 19482 | Orc:1    | 19482 ||| INVOKING Heroism.
 19558 | Orc:1    | 19558 ||| INVOKING Heroism.
 19559 | Orc:1    | 19559 ||| INVOKING Finesse.
 19581 | Orc:1    | Killed Rupert
 19581 | Orc:1    | Received a gift from Okawaru
 19880 | Orc:1    | 19880 ||| Stepping ~*~*~tactically~*~*~ (outnumbered).
 19910 | Orc:1    | Found a transporter.
 19930 | Orc:1    | 19930 ||| Stepping ~*~*~tactically~*~*~ (outnumbered).
 19941 | Orc:1    | 19941 ||| Stepping ~*~*~tactically~*~*~ (outnumbered).
 19943 | Orc:1    | 19943 ||| Stepping ~*~*~tactically~*~*~ (outnumbered).
 19950 | Orc:1    | 19950 ||| DRINKING 8 potions of curing.
 19950 | Orc:1    | 19950 ||| (to cure confusion)
 20204 | Orc:2    | 20204 ||| INVOKING Heroism.
 20205 | Orc:2    | 20205 ||| INVOKING Finesse.
 20326 | Orc:2    | 20326 ||| INVOKING Heroism.
 20361 | Orc:2    | Identified the +1 plate armour "Ohe Qer" {-Cast Will++
                  | Dex+2}
 20453 | Orc:2    | Noticed Urug
 20454 | Orc:2    | 20454 ||| INVOKING Heroism.
 20455 | Orc:2    | 20455 ||| INVOKING Finesse.
 20459 | Orc:2    | Killed Urug
 20556 | Orc:2    | Found a staircase to the Elven Halls.
 20558 | Orc:2    | 20558 ||| Stepping ~*~*~tactically~*~*~ (outnumbered).
 20560 | Orc:2    | 20560 ||| Stepping ~*~*~tactically~*~*~ (outnumbered).
 20609 | Orc:2    | 20609 ||| Stepping ~*~*~tactically~*~*~ (retreating).
 20610 | Orc:2    | 20610 ||| INVOKING Heroism.
 20634 | Orc:2    | Reached skill level 14 in Fighting
 20656 | Orc:2    | Identified the ring "Ostyud" {rF+ Will+++}
 20794 | Orc:2    | 20794 ||| INVOKING Heroism.
 20813 | Orc:2    | 20813 ||| DRINKING 8 potions of curing.
 20813 | Orc:2    | 20813 ||| (to cure confusion)
 20829 | Orc:2    | 20829 ||| Stepping ~*~*~tactically~*~*~ (outnumbered).
 20836 | Orc:2    | 20836 ||| Stepping ~*~*~tactically~*~*~ (outnumbered).
 20902 | Orc:2    | 20902 ||| INVOKING Heroism.
 20904 | Orc:2    | Paralysed by an orc sorcerer for 4 turns
 20958 | Orc:2    | 20958 ||| INVOKING Heroism.
 21008 | Orc:2    | Found Oxeirchoz's General Store.
 21029 | Orc:2    | 21029 ||| BUYING scroll of identify (24 gold).
 21029 | Orc:2    | Bought a scroll of identify for 24 gold pieces
 21036 | Orc:2    | Found Laniat's Antique Weapon Shop.
 21037 | Orc:2    | 21037 ||| INVOKING Heroism.
 21069 | Orc:2    | 21069 ||| RETREATING.
 21134 | Orc:2    | 21134 ||| FLEEEEING.
 21135 | Orc:2    | 21135 ||| FLEEEEING.
 21136 | Orc:2    | 21136 ||| FLEEEEING.
 21137 | Orc:2    | 21137 ||| FLEEEEING.
 21149 | Orc:2    | 21149 ||| FLEEEEING.
 21150 | Orc:2    | 21150 ||| STAIRDANCE
 21202 | Orc:1    | 21202 ||| DROPPING +0 steam dragon scales.
 21203 | Orc:1    | 21203 ||| UPGRADING to +0 troll leather armour.
 21213 | Orc:1    | 21213 ||| DROPPING amulet of regeneration.
 21214 | Orc:1    | 21214 ||| DROPPING ring of fire.
 21215 | Orc:1    | 21215 ||| UPGRADING to ring "Ostyud" {rF+ Will+++}.
 21217 | Orc:1    | 21217 ||| UPGRADING to +5 ring of evasion.
 21454 | Orc:2    | 21454 ||| Stepping ~*~*~tactically~*~*~ (outnumbered).
 21456 | Orc:2    | 21456 ||| Stepping ~*~*~tactically~*~*~ (outnumbered).
 21458 | Orc:2    | 21458 ||| Stepping ~*~*~tactically~*~*~ (outnumbered).
 21460 | Orc:2    | 21460 ||| Stepping ~*~*~tactically~*~*~ (outnumbered).
 21461 | Orc:2    | 21461 ||| Stepping ~*~*~tactically~*~*~ (outnumbered).
 21490 | Orc:2    | Reached skill level 9 in Dodging
 21490 | Orc:2    | 21490 ||| Stepping ~*~*~tactically~*~*~ (outnumbered).
 21491 | Orc:2    | 21491 ||| Stepping ~*~*~tactically~*~*~ (outnumbered).
 21501 | Orc:2    | 21501 ||| Stepping ~*~*~tactically~*~*~ (outnumbered).
 21502 | Orc:2    | 21502 ||| Stepping ~*~*~tactically~*~*~ (outnumbered).
 21531 | Orc:2    | 21531 ||| INVOKING Heroism.
 21548 | Orc:2    | Found Cuetwide's Jewellery Shoppe.
 21576 | Orc:2    | 21576 ||| Stepping ~*~*~tactically~*~*~ (outnumbered).
 21578 | Orc:2    | 21578 ||| Stepping ~*~*~tactically~*~*~ (outnumbered).
 21579 | Orc:2    | 21579 ||| Stepping ~*~*~tactically~*~*~ (outnumbered).
 21579 | Orc:2    | Noticed an orc warlord
 21580 | Orc:2    | 21580 ||| RETREATING.
 21583 | Orc:2    | 21583 ||| Stepping ~*~*~tactically~*~*~ (outnumbered).
 21588 | Orc:2    | 21588 ||| Stepping ~*~*~tactically~*~*~ (outnumbered).
 21601 | Orc:2    | 21601 ||| RETREATING.
 21604 | Orc:2    | 21604 ||| Stepping ~*~*~tactically~*~*~ (outnumbered).
 21675 | Orc:2    | 21675 ||| Stepping ~*~*~tactically~*~*~ (outnumbered).
 21677 | Orc:2    | 21677 ||| Stepping ~*~*~tactically~*~*~ (outnumbered).
 21680 | Orc:2    | 21680 ||| Stepping ~*~*~tactically~*~*~ (outnumbered).
 21681 | Orc:2    | 21681 ||| INVOKING Heroism.
 21722 | Orc:2    | Killed an orc warlord
 21739 | Orc:2    | 21739 ||| INVOKING Heroism.
 21765 | Orc:2    | Found Ishrio Wolomp's Weapon Shop.
 21806 | Orc:2    | Reached XP level 16. HP: 107/107 MP: 23/23
 21842 | Orc:2    | 21842 ||| INVOKING Heroism.
 21858 | Orc:2    | 21858 ||| INVOKING Heroism.
 21878 | Orc:2    | 21878 ||| PLANNING SHOALS:1-3
 22023 | Shoals:1 | Entered Level 1 of the Shoals
 22070 | Shoals:1 | 22070 ||| INVOKING Heroism.
 22081 | Shoals:1 | 22081 ||| Stepping ~*~*~tactically~*~*~ (retreating).
 22083 | Shoals:1 | 22083 ||| Stepping ~*~*~tactically~*~*~ (retreating).
 22084 | Shoals:1 | 22084 ||| Stepping ~*~*~tactically~*~*~ (retreating).
 22085 | Shoals:1 | 22085 ||| Stepping ~*~*~tactically~*~*~ (retreating).
 22101 | Shoals:1 | 22101 ||| Stepping ~*~*~tactically~*~*~ (retreating).
 22102 | Shoals:1 | 22102 ||| Stepping ~*~*~tactically~*~*~ (retreating).
 22107 | Shoals:1 | Reached skill level 15 in Fighting
 22112 | Shoals:1 | 22112 ||| Stepping ~*~*~tactically~*~*~ (retreating).
 22113 | Shoals:1 | 22113 ||| Stepping ~*~*~tactically~*~*~ (retreating).
 22114 | Shoals:1 | 22114 ||| Stepping ~*~*~tactically~*~*~ (retreating).
 22115 | Shoals:1 | 22115 ||| Stepping ~*~*~tactically~*~*~ (outnumbered).
 22117 | Shoals:1 | 22117 ||| INVOKING Heroism.
 22122 | Shoals:1 | 22122 ||| Stepping ~*~*~tactically~*~*~ (retreating).
 22328 | Shoals:1 | Identified the +6 dagger "Kealaxzu" {spect, Fragile rN+++
                  | SInv Stlth+}
 22949 | Shoals:2 | 22949 ||| INVOKING Heroism.
 22979 | Shoals:2 | 22979 ||| Stepping ~*~*~tactically~*~*~ (outnumbered).
 22981 | Shoals:2 | 22981 ||| Stepping ~*~*~tactically~*~*~ (outnumbered).
 22984 | Shoals:2 | 22984 ||| Stepping ~*~*~tactically~*~*~ (outnumbered).
 22985 | Shoals:2 | 22985 ||| Stepping ~*~*~tactically~*~*~ (outnumbered).
 22986 | Shoals:2 | 22986 ||| Stepping ~*~*~tactically~*~*~ (outnumbered).
 22987 | Shoals:2 | 22987 ||| Stepping ~*~*~tactically~*~*~ (outnumbered).
 22988 | Shoals:2 | 22988 ||| Stepping ~*~*~tactically~*~*~ (outnumbered).
 22990 | Shoals:2 | 22990 ||| Stepping ~*~*~tactically~*~*~ (outnumbered).
 23340 | Shoals:2 | Identified the +4 flail of the Unspeakable One {elec, rF+
                  | rN+ Str+2}
 23377 | Shoals:2 | Found Noitynliho's Magic Scroll Shop.
 23384 | Shoals:2 | 23384 ||| BUYING scroll of acquirement (936 gold).
 23384 | Shoals:2 | Bought a scroll of acquirement for 936 gold pieces
 23384 | Shoals:2 | 23384 ||| BUYING scroll of enchant armour (135 gold).
 23384 | Shoals:2 | Bought a scroll of enchant armour for 135 gold pieces
 23384 | Shoals:2 | 23384 ||| READING scroll of acquirement.
 23384 | Shoals:2 | 23384 ||| ACQUIRING ring "Erog" {Drain rElec rC+++ MP+9
                  | Str+6}
 23384 | Shoals:2 | Acquired the ring "Erog" {Drain rElec rC+++ MP+9 Str+6}
 23765 | Shoals:3 | 23765 ||| INVOKING Heroism.
 23958 | Shoals:3 | Reached skill level 16 in Fighting
 24017 | Shoals:3 | Identified the +1 longbow "Nejikecs" {flame, Will+ Str-4
                  | Int+2}
 24019 | Shoals:3 | 24019 ||| DROPPING +1 longbow "Nejikecs" {flame, Will+
                  | Str-4 Int+2}.
 24070 | Shoals:3 | 24070 ||| INVOKING Heroism.
 24071 | Shoals:3 | 24071 ||| INVOKING Finesse.
 24076 | Shoals:3 | 24076 ||| Stepping ~*~*~tactically~*~*~ (outnumbered).
 24077 | Shoals:3 | 24077 ||| Stepping ~*~*~tactically~*~*~ (outnumbered).
 24087 | Shoals:3 | Noticed Ilsuiw
 24111 | Shoals:3 | Killed Ilsuiw
 24111 | Shoals:3 | Received a gift from Okawaru
 24187 | Shoals:3 | Found a transporter.
 24191 | Shoals:3 | Found a transporter.
 24193 | Shoals:3 | Noticed AtomicRavioli's ghost (adept OgFi)
 24194 | Shoals:3 | Noticed a kraken
 24484 | Shoals:3 | 24484 ||| PLANNING SNAKE:1-3
 24602 | Snake:1  | Entered Level 1 of the Snake Pit
 24665 | Snake:1  | 24665 ||| Stepping ~*~*~tactically~*~*~ (outnumbered).
 24680 | Snake:1  | Found Kadwos's Overcharged Wands.
 24698 | Snake:1  | Found a snail-covered altar of Cheibriados.
 24778 | Snake:1  | 24778 ||| Stepping ~*~*~tactically~*~*~ (outnumbered).
 24916 | Snake:1  | 24916 ||| RETREATING.
 24939 | Snake:1  | 24939 ||| INVOKING Heroism.
 24942 | Snake:1  | 24942 ||| Stepping ~*~*~tactically~*~*~ (outnumbered).
 25121 | Snake:1  | Reached skill level 9 in Armour
 25179 | Snake:1  | 25179 ||| RETREATING.
 25596 | Snake:1  | 25596 ||| DROPPING ring of positive energy.
 25731 | Snake:2  | Identified the +4 arbalest of Sequestration {flame, Str+7
                  | Dex-4 SInv Stlth+} (Okawaru gifted it to you on level 2 of
                  | the Snake Pit)
 25731 | Snake:2  | Received a gift from Okawaru
 25858 | Snake:2  | 25858 ||| INVOKING Heroism.
 25877 | Snake:2  | 25877 ||| RETREATING.
 25879 | Snake:2  | 25879 ||| RETREATING.
 25881 | Snake:2  | 25881 ||| RETREATING.
 25883 | Snake:2  | 25883 ||| Stepping ~*~*~tactically~*~*~ (retreating).
 25914 | Snake:2  | 25914 ||| Stepping ~*~*~tactically~*~*~ (outnumbered).
 25917 | Snake:2  | 25917 ||| INVOKING Heroism.
 26154 | Snake:2  | 26154 ||| INVOKING Heroism.
 26424 | Snake:2  | Found Jyoraem's Specific Store.
 26428 | Snake:2  | Found Baleoxasa's General Store.
 26432 | Snake:2  | 26432 ||| BUYING scroll of teleportation (48 gold).
 26432 | Snake:2  | Bought a scroll of teleportation for 48 gold pieces
 26436 | Snake:2  | 26436 ||| BUYING scroll of enchant weapon (127 gold).
 26436 | Snake:2  | Bought a scroll of enchant weapon for 127 gold pieces
 26596 | Snake:2  | 26596 ||| INVOKING Heroism.
 26602 | Snake:2  | Reached skill level 17 in Fighting
 26881 | Snake:2  | 26881 ||| Stepping ~*~*~tactically~*~*~ (outnumbered).
 26883 | Snake:2  | 26883 ||| Stepping ~*~*~tactically~*~*~ (outnumbered).
 26885 | Snake:2  | 26885 ||| RETREATING.
 26896 | Snake:2  | 26896 ||| INVOKING Heroism.
 26898 | Snake:2  | 26898 ||| Stepping ~*~*~tactically~*~*~ (outnumbered).
 26908 | Snake:2  | Reached XP level 17. HP: 117/117 MP: 22/24
 27156 | Snake:3  | Received a gift from Okawaru
 27181 | Snake:3  | 27181 ||| INVOKING Heroism.
 27234 | Snake:3  | Reached skill level 18 in Fighting
 27276 | Snake:3  | 27276 ||| RETREATING.
 27282 | Snake:3  | 27282 ||| Stepping ~*~*~tactically~*~*~ (outnumbered).
 27392 | Snake:3  | 27392 ||| INVOKING Heroism.
 27423 | Snake:3  | 27423 ||| RETREATING.
 27532 | Snake:3  | 27532 ||| RETREATING.
 27538 | Snake:3  | 27538 ||| Stepping ~*~*~tactically~*~*~ (retreating).
 27539 | Snake:3  | 27539 ||| Stepping ~*~*~tactically~*~*~ (retreating).
 27540 | Snake:3  | 27540 ||| Stepping ~*~*~tactically~*~*~ (retreating).
 27541 | Snake:3  | 27541 ||| Stepping ~*~*~tactically~*~*~ (retreating).
 27549 | Snake:3  | 27549 ||| Stepping ~*~*~tactically~*~*~ (retreating).
 27586 | Snake:3  | 27586 ||| INVOKING Heroism.
 27687 | Snake:3  | 27687 ||| RETREATING.
 27695 | Snake:3  | 27695 ||| Stepping ~*~*~tactically~*~*~ (retreating).
 27696 | Snake:3  | 27696 ||| Stepping ~*~*~tactically~*~*~ (retreating).
 27841 | Snake:3  | 27841 ||| INVOKING Heroism.
 28035 | Snake:3  | 28035 ||| PLANNING SHOALS:4
 28035 | Snake:3  | 28035 ||| DROPPING +2 helmet of intelligence.
 28036 | Snake:3  | 28036 ||| DROPPING +1 hat of stealth.
 28187 | Shoals:4 | Entered Level 4 of the Shoals
 28238 | Shoals:4 | 28238 ||| Stepping ~*~*~tactically~*~*~ (outnumbered).
 28241 | Shoals:4 | 28241 ||| Stepping ~*~*~tactically~*~*~ (outnumbered).
 28242 | Shoals:4 | 28242 ||| Stepping ~*~*~tactically~*~*~ (outnumbered).
 28338 | Shoals:4 | 28338 ||| INVOKING Heroism.
 28339 | Shoals:4 | 28339 ||| INVOKING Finesse.
 28402 | Shoals:4 | 28402 ||| Stepping ~*~*~tactically~*~*~ (outnumbered).
 28403 | Shoals:4 | 28403 ||| INVOKING Heroism.
 28411 | Shoals:4 | 28411 ||| Stepping ~*~*~tactically~*~*~ (outnumbered).
 28412 | Shoals:4 | 28412 ||| Stepping ~*~*~tactically~*~*~ (outnumbered).
 28442 | Shoals:4 | Identified the ring "Gotuk" {Wiz Dex+4}
 28523 | Shoals:4 | 28523 ||| Stepping ~*~*~tactically~*~*~ (outnumbered).
 28524 | Shoals:4 | 28524 ||| INVOKING Heroism.
 28525 | Shoals:4 | 28525 ||| Stepping ~*~*~tactically~*~*~ (outnumbered).
 28543 | Shoals:4 | 28543 ||| INVOKING Finesse.
 28592 | Shoals:4 | 28592 ||| Stepping ~*~*~tactically~*~*~ (outnumbered).
 28593 | Shoals:4 | 28593 ||| Stepping ~*~*~tactically~*~*~ (outnumbered).
 28594 | Shoals:4 | 28594 ||| RETREATING.
 28614 | Shoals:4 | 28614 ||| INVOKING Heroism.
 28743 | Shoals:4 | Got a barnacled rune of Zot
 28764 | Shoals:4 | 28764 ||| INVOKING Heroism.
 28834 | Shoals:4 | 28834 ||| Stepping ~*~*~tactically~*~*~ (outnumbered).
 28835 | Shoals:4 | 28835 ||| Stepping ~*~*~tactically~*~*~ (outnumbered).
 28844 | Shoals:4 | 28844 ||| INVOKING Heroism.
 28864 | Shoals:4 | 28864 ||| Stepping ~*~*~tactically~*~*~ (outnumbered).
 28865 | Shoals:4 | 28865 ||| Stepping ~*~*~tactically~*~*~ (outnumbered).
 28866 | Shoals:4 | 28866 ||| Stepping ~*~*~tactically~*~*~ (outnumbered).
 28937 | Shoals:4 | 28937 ||| INVOKING Heroism.
 29000 | Shoals:4 | 29000 ||| RETREATING.
 29074 | Shoals:4 | 29074 ||| RETREATING.
 29086 | Shoals:4 | Received a gift from Okawaru
 29110 | Shoals:4 | Reached skill level 19 in Fighting
 29216 | Shoals:4 | 29216 ||| Stepping ~*~*~tactically~*~*~ (outnumbered).
 29218 | Shoals:4 | 29218 ||| Stepping ~*~*~tactically~*~*~ (outnumbered).
 29346 | Shoals:4 | Found Enueloac's Jewellery Emporium.
 29360 | Shoals:4 | 29360 ||| BUYING +5 ring of evasion (684 gold).
 29360 | Shoals:4 | Bought a +5 ring of evasion for 684 gold pieces
 29366 | Shoals:4 | Received a gift from Okawaru
 29368 | Shoals:4 | 29368 ||| DROPPING +4 heavy longbow.
 29370 | Shoals:4 | 29370 ||| INVOKING Heroism.
 29401 | Shoals:4 | 29401 ||| INVOKING Heroism.
 29445 | Shoals:4 | 29445 ||| INVOKING Heroism.
 29535 | Shoals:4 | 29535 ||| PLANNING VAULTS:1-4
 29535 | Shoals:4 | 29535 ||| DROPPING ring "Gotuk" {Wiz Dex+4}.
 29536 | Shoals:4 | 29536 ||| DROPPING +4 ring of slaying {mikee}.
 29754 | Vaults:1 | Entered Level 1 of the Vaults
 29755 | Vaults:1 | 29755 ||| STAIRDANCE
 29766 | Vaults:1 | 29766 ||| STAIRDANCE
 29798 | Vaults:1 | 29798 ||| Stepping ~*~*~tactically~*~*~ (outnumbered).
 29800 | Vaults:1 | 29800 ||| Stepping ~*~*~tactically~*~*~ (outnumbered).
 29802 | Vaults:1 | 29802 ||| Stepping ~*~*~tactically~*~*~ (outnumbered).
 29806 | Vaults:1 | 29806 ||| Stepping ~*~*~tactically~*~*~ (outnumbered).
 29819 | Vaults:1 | 29819 ||| FLEEEEING.
 29820 | Vaults:1 | 29820 ||| FLEEEEING.
 29822 | Vaults:1 | 29822 ||| FLEEEEING.
 29823 | Vaults:1 | 29823 ||| FLEEEEING.
 29828 | Vaults:1 | 29828 ||| STAIRDANCE
 29948 | Vaults:1 | 29948 ||| FLEEEEING.
 29950 | Vaults:1 | 29950 ||| FLEEEEING.
 29951 | Vaults:1 | 29951 ||| STAIRDANCE
 29974 | Vaults:1 | 29974 ||| STAIRDANCE
 29984 | Vaults:1 | 29984 ||| STAIRDANCE
 29996 | Vaults:1 | 29996 ||| STAIRDANCE
 30016 | Vaults:1 | 30016 ||| STAIRDANCE
 30053 | Vaults:1 | 30053 ||| STAIRDANCE
 30080 | Vaults:1 | 30080 ||| STAIRDANCE
 30149 | Vaults:1 | 30149 ||| STAIRDANCE
 30251 | Vaults:1 | 30251 ||| INVOKING Heroism.
 30258 | Vaults:1 | Reached XP level 18. HP: 78/128 MP: 22/25
 30416 | Vaults:1 | Reached skill level 12 in Dodging
 30473 | Vaults:1 | 30473 ||| INVOKING Heroism.
 30477 | Vaults:1 | 30477 ||| Stepping ~*~*~tactically~*~*~ (outnumbered).
 30484 | Vaults:1 | 30484 ||| Stepping ~*~*~tactically~*~*~ (retreating).
 30485 | Vaults:1 | 30485 ||| Stepping ~*~*~tactically~*~*~ (retreating).
 30486 | Vaults:1 | 30486 ||| Stepping ~*~*~tactically~*~*~ (retreating).
 30487 | Vaults:1 | 30487 ||| Stepping ~*~*~tactically~*~*~ (retreating).
 30488 | Vaults:1 | 30488 ||| Stepping ~*~*~tactically~*~*~ (retreating).
 30489 | Vaults:1 | 30489 ||| Stepping ~*~*~tactically~*~*~ (retreating).
 30540 | Vaults:1 | 30540 ||| READING scroll labelled COICEDWETHRA.
 30643 | Vaults:1 | Identified the +7 plate armour "Ypsex" {-Cast rElec Dex+4}
 30644 | Vaults:1 | Identified the +6 hand axe of War {protect, Dex+3}
 30658 | Vaults:1 | 30658 ||| INVOKING Heroism.
 30722 | Vaults:1 | Identified the staff of Gloom {rElec rCorr Earth}
 30723 | Vaults:1 | Identified the ring "Cikkuis" {Fire rElec SInv Stlth-}
 30762 | Vaults:1 | 30762 ||| Stepping ~*~*~tactically~*~*~ (retreating).
 30763 | Vaults:1 | 30763 ||| Stepping ~*~*~tactically~*~*~ (retreating).
 30764 | Vaults:1 | 30764 ||| Stepping ~*~*~tactically~*~*~ (retreating).
 30765 | Vaults:1 | 30765 ||| Stepping ~*~*~tactically~*~*~ (retreating).
 30766 | Vaults:1 | 30766 ||| RETREATING.
 30838 | Vaults:1 | 30838 ||| Stepping ~*~*~tactically~*~*~ (outnumbered).
 30840 | Vaults:1 | 30840 ||| RETREATING.
 30844 | Vaults:1 | 30844 ||| Stepping ~*~*~tactically~*~*~ (outnumbered).
 30986 | Vaults:1 | 30986 ||| Stepping ~*~*~tactically~*~*~ (outnumbered).
 31021 | Vaults:1 | Reached skill level 20 in Fighting
 31038 | Vaults:1 | 31038 ||| INVOKING Heroism.
 31039 | Vaults:1 | 31039 ||| INVOKING Finesse.
 31407 | Vaults:1 | Found Pewawn's Antique Weapon Boutique.
 31510 | Vaults:1 | 31510 ||| Stepping ~*~*~tactically~*~*~ (retreating).
 31511 | Vaults:1 | 31511 ||| Stepping ~*~*~tactically~*~*~ (retreating).
 31512 | Vaults:1 | 31512 ||| Stepping ~*~*~tactically~*~*~ (retreating).
 31513 | Vaults:1 | 31513 ||| Stepping ~*~*~tactically~*~*~ (retreating).
 31514 | Vaults:1 | 31514 ||| RETREATING.
 31561 | Vaults:1 | 31561 ||| RETREATING.
 31608 | Vaults:1 | Received a gift from Okawaru
 31682 | Vaults:1 | 31682 ||| Stepping ~*~*~tactically~*~*~ (retreating).
 31683 | Vaults:1 | 31683 ||| Stepping ~*~*~tactically~*~*~ (retreating).
 31684 | Vaults:1 | 31684 ||| Stepping ~*~*~tactically~*~*~ (retreating).
 31690 | Vaults:1 | 31690 ||| RETREATING.
 31691 | Vaults:1 | 31691 ||| Stepping ~*~*~tactically~*~*~ (retreating).
 31694 | Vaults:1 | 31694 ||| Stepping ~*~*~tactically~*~*~ (retreating).
 31697 | Vaults:1 | 31697 ||| Stepping ~*~*~tactically~*~*~ (retreating).
 31698 | Vaults:1 | 31698 ||| Stepping ~*~*~tactically~*~*~ (retreating).
 31699 | Vaults:1 | 31699 ||| Stepping ~*~*~tactically~*~*~ (retreating).
 31700 | Vaults:1 | 31700 ||| Stepping ~*~*~tactically~*~*~ (retreating).
 31705 | Vaults:1 | 31705 ||| Stepping ~*~*~tactically~*~*~ (retreating).
 31706 | Vaults:1 | 31706 ||| Stepping ~*~*~tactically~*~*~ (retreating).
 31718 | Vaults:1 | 31718 ||| INVOKING Heroism.
 31722 | Vaults:1 | 31722 ||| Stepping ~*~*~tactically~*~*~ (retreating).
 31723 | Vaults:1 | 31723 ||| Stepping ~*~*~tactically~*~*~ (retreating).
 31724 | Vaults:1 | 31724 ||| Stepping ~*~*~tactically~*~*~ (retreating).
 31725 | Vaults:1 | 31725 ||| Stepping ~*~*~tactically~*~*~ (retreating).
 31726 | Vaults:1 | 31726 ||| Stepping ~*~*~tactically~*~*~ (retreating).
 31727 | Vaults:1 | 31727 ||| Stepping ~*~*~tactically~*~*~ (retreating).
 31728 | Vaults:1 | 31728 ||| Stepping ~*~*~tactically~*~*~ (retreating).
 31729 | Vaults:1 | 31729 ||| Stepping ~*~*~tactically~*~*~ (retreating).
 31730 | Vaults:1 | 31730 ||| Stepping ~*~*~tactically~*~*~ (retreating).
 31731 | Vaults:1 | 31731 ||| Stepping ~*~*~tactically~*~*~ (retreating).
 31732 | Vaults:1 | 31732 ||| Stepping ~*~*~tactically~*~*~ (retreating).
 31733 | Vaults:1 | 31733 ||| Stepping ~*~*~tactically~*~*~ (retreating).
 31919 | Vaults:1 | 31919 ||| DROPPING ring of fire.
 31946 | Vaults:2 | 31946 ||| STAIRDANCE
 31956 | Vaults:2 | 31956 ||| STAIRDANCE
 31999 | Vaults:2 | 31999 ||| RETREATING.
 32001 | Vaults:2 | 32001 ||| INVOKING Heroism.
 32003 | Vaults:2 | 32003 ||| INVOKING Finesse.
 32172 | Vaults:2 | 32172 ||| RETREATING.
 32232 | Vaults:2 | 32232 ||| INVOKING Heroism.
 32234 | Vaults:2 | HP: 28/131 [yaktaur captain/bolt (17)]
 32235 | Vaults:2 | 32235 ||| READING 12 scrolls of teleportation.
 32236 | Vaults:2 | 32236 ||| DRINKING 2 potions of heal wounds.
 32370 | Vaults:2 | Found a staircase to the Crypt.
 32371 | Vaults:2 | 32371 ||| RETREATING.
 32372 | Vaults:2 | 32372 ||| Stepping ~*~*~tactically~*~*~ (retreating).
 32376 | Vaults:2 | 32376 ||| INVOKING Heroism.
 32396 | Vaults:2 | Noticed Donald
 32397 | Vaults:2 | 32397 ||| INVOKING Finesse.
 32423 | Vaults:2 | Killed Donald
 32512 | Vaults:2 | Reached skill level 21 in Fighting
 32582 | Vaults:2 | 32582 ||| Stepping ~*~*~tactically~*~*~ (outnumbered).
 32600 | Vaults:2 | 32600 ||| INVOKING Heroism.
 32601 | Vaults:2 | 32601 ||| INVOKING Finesse.
 32694 | Vaults:2 | 32694 ||| FLEEEEING.
 32695 | Vaults:2 | 32695 ||| FLEEEEING.
 32696 | Vaults:2 | 32696 ||| FLEEEEING.
 32697 | Vaults:2 | 32697 ||| FLEEEEING.
 32698 | Vaults:2 | 32698 ||| FLEEEEING.
 32699 | Vaults:2 | 32699 ||| FLEEEEING.
 32709 | Vaults:2 | 32709 ||| STAIRDANCE
 32869 | Vaults:2 | 32869 ||| FLEEEEING.
 33079 | Vaults:2 | 33079 ||| Stepping ~*~*~tactically~*~*~ (outnumbered).
 33081 | Vaults:2 | 33081 ||| Stepping ~*~*~tactically~*~*~ (outnumbered).
 33083 | Vaults:2 | 33083 ||| Stepping ~*~*~tactically~*~*~ (outnumbered).
 33097 | Vaults:2 | 33097 ||| INVOKING Heroism.
 33217 | Vaults:2 | 33217 ||| INVOKING Heroism.
 33318 | Vaults:2 | 33318 ||| INVOKING Heroism.
 33320 | Vaults:2 | 33320 ||| RETREATING.
 33338 | Vaults:2 | 33338 ||| INVOKING Finesse.
 33343 | Vaults:2 | 33343 ||| Stepping ~*~*~tactically~*~*~ (retreating).
 33344 | Vaults:2 | 33344 ||| Stepping ~*~*~tactically~*~*~ (retreating).
 33355 | Vaults:2 | 33355 ||| FLEEEEING.
 33356 | Vaults:2 | 33356 ||| FLEEEEING.
 33357 | Vaults:2 | 33357 ||| FLEEEEING.
 33358 | Vaults:2 | 33358 ||| RETREATING.
 33361 | Vaults:2 | 33361 ||| FLEEEEING.
 33362 | Vaults:2 | 33362 ||| FLEEEEING.
 33363 | Vaults:2 | 33363 ||| FLEEEEING.
 33368 | Vaults:2 | 33368 ||| FLEEEEING.
 33369 | Vaults:2 | 33369 ||| INVOKING Heroism.
 33407 | Vaults:2 | Reached XP level 19. HP: 87/137 MP: 26/26
 33686 | Vaults:2 | Found Gaom's Weapon Shoppe.
 33687 | Vaults:2 | 33687 ||| INVOKING Heroism.
 33688 | Vaults:2 | 33688 ||| RETREATING.
 33690 | Vaults:2 | 33690 ||| INVOKING Finesse.
 33839 | Vaults:3 | 33839 ||| Stepping ~*~*~tactically~*~*~ (retreating).
 33852 | Vaults:3 | 33852 ||| Stepping ~*~*~tactically~*~*~ (retreating).
 33900 | Vaults:3 | 33900 ||| FLEEEEING.
 33901 | Vaults:3 | 33901 ||| FLEEEEING.
 33902 | Vaults:3 | 33902 ||| FLEEEEING.
 33903 | Vaults:3 | 33903 ||| FLEEEEING.
 33906 | Vaults:3 | 33906 ||| FLEEEEING.
 33907 | Vaults:3 | 33907 ||| FLEEEEING.
 33908 | Vaults:3 | 33908 ||| FLEEEEING.
 33909 | Vaults:3 | 33909 ||| FLEEEEING.
 33910 | Vaults:3 | 33910 ||| FLEEEEING.
 33911 | Vaults:3 | 33911 ||| FLEEEEING.
 33912 | Vaults:3 | 33912 ||| FLEEEEING.
 33916 | Vaults:3 | 33916 ||| STAIRDANCE
 34151 | Vaults:3 | Identified the +1 leather armour of Voutuegu {Fly rF+ Dex-3
                  | Slay+3}
 34323 | Vaults:3 | 34323 ||| INVOKING Heroism.
 34324 | Vaults:3 | 34324 ||| INVOKING Finesse.
 34635 | Vaults:3 | 34635 ||| DROPPING +1 leather armour of Voutuegu {Fly rF+
                  | Dex-3 Slay+3}.
 34642 | Vaults:3 | 34642 ||| Stepping ~*~*~tactically~*~*~ (retreating).
 34643 | Vaults:3 | 34643 ||| INVOKING Heroism.
 34644 | Vaults:3 | 34644 ||| INVOKING Finesse.
 34674 | Vaults:3 | 34674 ||| Stepping ~*~*~tactically~*~*~ (retreating).
 34675 | Vaults:3 | 34675 ||| Stepping ~*~*~tactically~*~*~ (retreating).
 34675 | Vaults:3 | HP: 26/139 [deep troll[an ironbound preserver] (20)]
 34676 | Vaults:3 | 34676 ||| READING 11 scrolls of teleportation.
 34677 | Vaults:3 | 34677 ||| DRINKING 3 potions of heal wounds.
 34678 | Vaults:3 | 34678 ||| DRINKING 2 potions of heal wounds.
 34679 | Vaults:3 | 34679 ||| DRINKING potion of heal wounds.
 34679 | Vaults:3 | HP: 12/139 [deep troll[an ironbound preserver] (4)]
 34680 | Vaults:3 | HP: 2/139 [ironbound frostheart/creeping frost[a boggart]
                  | (10)]
 34682 | Vaults:3 | Mangled by a deep troll

Levels and vault maps discovered:
D:1:      lightli_molten_gateway, layout_basic, nicolae_figureground_pulse
D:2:      layout_loops_ring, serial_shops, shop, shop, nicolae_shop_drivethru,
          minmay_circle_x, uniq_robin, uniq_terence
D:3:      layout_basic
D:4:      layout_cave_pools
D:5:      layout_basic, minmay_temple_entry_enclosed_plants
D:6:      layout_loops_ring, jmf_multi_god_temple, nicolae_benzene_ring
D:7:      layout_loops_ring
D:8:      layout_loops_ring, minmay_misc_feat_hallway
D:9:      layout_rooms, kennysheep_little_box
D:10:     layout_cave_pools
D:11:     layout_big_octagon, david_lair_shrubbed
D:12:     layout_loops_corners, orc_0_dummy
D:13:     layout_rooms, nicolae_trove_entry_diagonal, uniq_kirke
D:14:     layout_stronghold, hellmonk_vaults_keyhole, trog_three_pillars_becter
D:15:     gammafunk_depths_entry_grave, layout_loops_cross,
          minmay_stone_trees_medium
Temple:   compressed_dpeg_triangle_lava_temple
Lair:1:   layout_long_grid, gauntlet_entry_generic,
          ebering_ghost_reflecting_pool
Lair:2:   layout_hall_layers, minmay_snake_entry_six_corridors,
          nzn_sisyphean_effort
Lair:3:   layout_small_grid, shoals_dummy_entry, gammafunk_ghost_hive,
          grunt_megastairs_3, lemuel_fruit_fields, lemuel_fruit_tree
Lair:4:   layout_hall_layers, minmay_slime_entry_pillars,
          portal_ice_cave_entry_pillars_2, uniq_nessos
Lair:5:   gammafunk_lair_ancient_temple, layout_cave_pods, uniq_josephine
Shoals:1: layout_shoals, nicolae_shoals_lost_giant_temple
Shoals:2: layout_shoals, serial_shops, nicolae_square_shop
Shoals:3: layout_shoals, ebering_ghost_davey_jones, uniq_ilsuiw
Shoals:4: shoals_end_simple, layout_shoals, serial_shops,
          nicolae_shop_advertising_works [nicolae_subvault_shop_adworks]
Snake:1:  layout_honeycomb, basic_altar, nicolae_shop_overcharged_wands
Snake:2:  layout_chambers, st_stairs_2, nicolae_specific_store
Snake:3:  layout_cave_town, grunt_ministairs_4, nicolae_snake_coiling_death
Orc:1:    gammafunk_beogh_shrine, layout_diamond_mine
Orc:2:    pubby_orc_utopia, uniq_urug, uniq_rupert
Vaults:1: nicolae_vaults_twisting_passages, ontoclasm_vaults_eye,
          v_alt_pattern_3, grunt_vaults_diagonal, v_alt_pattern_3,
          nicolae_vaults_octothorpe, nicolae_vaults_storing_the_good_stuff,
          nicolae_vaults_door_testing_chamber, hangedman_vaults_trim,
          hangedman_vaults_corner_blocks, nicolae_vaults_layer_cake_slice,
          v_misc_19, nicolae_vaults_closet_pinwheel_1, layout_vaults_maze,
          serial_shops, shop
Vaults:2: nicolae_vaults_trapezoid_lopsided_1, v_misc_3,
          minmay_crypt_entry_simple_round, v_misc_17,
          nicolae_vaults_trapezoid_3, nicolae_vaults_alarming, v_misc_13,
          ontoclasm_vaults_chip, nicolae_vaults_meiosis,
          nicolae_vaults_taking_the_gang_shopping, v_alt_pattern_4,
          grunt_vaults_twisty, nicolae_vaults_angled_halls,
          layout_vaults_omnibox, uniq_donald
Vaults:3: grunt_vaults_swirl, nicolae_vaults_house_2,
          vaults_standard_mumra_lines, nicolae_vaults_weapon_check, v_misc_19,
          nicolae_vaults_network_square, nicolae_vaults_closet_pinwheel_1,
          layout_vaults_omnigrid

Skill      XL: |  1  2  3  4  5  6  7  8  9 10 11 12 13 14 15 16 17 18 19 |
---------------+----------------------------------------------------------+-----
Ranged Weapons | 5 6 8 9 11 12 13 15 17 19 20 | 20.0
Armour         | 2 3 4 5 6 7 9 10 11 | 11.0
Fighting       | 3 4 5 6 7 8 9 10 11 13 14 17 19 21 | 21.8
Dodging        | 2 3 4 5 6 7 9 10 11 12 13 | 13.0
Invocations    | 4 6 9 10 | 10.0
Stealth        | |  1.1

Action                     |  1- 3 |  4- 6 |  7- 9 | 10-12 | 13-15 | 16-18 | 19-21 || total
---------------------------+-------+-------+-------+-------+-------+-------+-------++-------
   Fire: Shortbow          |    97 |   190 |   368 |       |       |       |       ||   655
         Orcbow            |       |       |   164 |   850 |       |       |       ||  1014
         Longbow           |       |       |       |    21 |  1388 |  2235 |   248 ||  3892
 Invoke: Heroism           |       |       |     9 |    21 |    35 |    40 |     3 ||   108
         Finesse           |       |       |       |     3 |     8 |     8 |     3 ||    22
    Use: Scroll            |     3 |     5 |     7 |    12 |     3 |     3 |     1 ||    34
         Potion            |       |     4 |     1 |     7 |     4 |     1 |     3 ||    20
 Armour: Leather armour    |    21 |       |       |       |       |       |       ||    21
         Ring mail         |     1 |   113 |   164 |       |       |       |       ||   278
         Skin              |     1 |       |       |       |       |       |       ||     1
         Steam dragon scal |       |       |    13 |   322 |   143 |       |       ||   478
         Robe              |       |       |       |       |   120 |       |       ||   120
         Troll leather arm |       |       |       |       |     6 |   400 |    64 ||   470
  Dodge: Dodged            |    21 |   120 |   290 |   635 |   414 |   749 |   103 ||  2332

Table legend:
 A = Non-vault XP
 B = Vault XP
 C = Vault XP percentage of total XP
 D = Non-vault monster count
 E = Vault monster count
 F = Vault count percentage of total count
                 A         B        C        D         E       F
            +---------+---------+-------+---------+---------+-------
      Total |  196655 |  140420 |  41.7 |     633 |     368 |  36.8
            +---------+---------+-------+---------+---------+-------
        D:1 |      51 |       0 |   0.0 |      29 |       0 |   0.0
        D:2 |      37 |      84 |  69.4 |      17 |      17 |  50.0
        D:3 |     120 |       0 |   0.0 |      20 |       0 |   0.0
        D:4 |     494 |       0 |   0.0 |      15 |       0 |   0.0
        D:5 |     255 |       0 |   0.0 |      12 |       0 |   0.0
        D:6 |    1273 |     134 |   9.5 |      29 |       2 |   6.5
        D:7 |     746 |       0 |   0.0 |      19 |       0 |   0.0
        D:8 |    1369 |       0 |   0.0 |      26 |       0 |   0.0
        D:9 |    2288 |       0 |   0.0 |      21 |       0 |   0.0
       D:10 |    1061 |       0 |   0.0 |      12 |       0 |   0.0
       D:11 |    4365 |     389 |   8.2 |      22 |       1 |   4.3
       D:12 |    5875 |    1438 |  19.7 |      20 |       2 |   9.1
       D:13 |    2141 |       0 |   0.0 |       4 |       0 |   0.0
       D:14 |   15951 |    4557 |  22.2 |      28 |       7 |  20.0
       D:15 |    6992 |    5168 |  42.5 |      12 |       8 |  40.0
     Lair:1 |    3729 |       0 |   0.0 |      17 |       0 |   0.0
     Lair:2 |    5403 |    2186 |  28.8 |      21 |       6 |  22.2
     Lair:3 |    4832 |    1651 |  25.5 |      12 |      10 |  45.5
     Lair:4 |    9603 |    1756 |  15.5 |      23 |       4 |  14.8
     Lair:5 |    5559 |   10300 |  64.9 |      13 |      23 |  63.9
   Shoals:1 |    6637 |       0 |   0.0 |      13 |       0 |   0.0
   Shoals:2 |    9668 |       0 |   0.0 |      23 |       0 |   0.0
   Shoals:3 |    6047 |    2856 |  32.1 |      13 |       4 |  23.5
   Shoals:4 |    8058 |   21178 |  72.4 |      19 |      36 |  65.5
    Snake:1 |   13685 |       0 |   0.0 |      31 |       0 |   0.0
    Snake:2 |   12325 |     827 |   6.3 |      24 |       1 |   4.0
    Snake:3 |   18952 |    4905 |  20.6 |      34 |      11 |  24.4
      Orc:1 |    1124 |    2842 |  71.7 |      27 |      10 |  27.0
      Orc:2 |       0 |   23628 | 100.0 |       0 |     155 | 100.0
   Vaults:1 |   24188 |   23065 |  48.8 |      38 |      26 |  40.6
   Vaults:2 |   14086 |   21973 |  60.9 |      22 |      28 |  56.0
   Vaults:3 |    9741 |    6535 |  40.2 |      17 |       9 |  34.6
   Gauntlet |       0 |    4948 | 100.0 |       0 |       8 | 100.0
            +---------+---------+-------+---------+---------+-------
